 Dungeon Crawl Stone Soup version 0.20-a0-1124-g2e29d97 (webtiles) character file.

10009 Gorglomux the Grappler (level 11, -6/104 HPs)
             Began as a Ghoul Artificer on May 16, 2017.
             Was an Elder of Ru.
             Mangled by a spiny frog (7 damage)
             ... on level 5 of the Lair of Beasts.
             The game lasted 01:22:49 (19956 turns).

Gorglomux the Grappler (Ghoul Artificer)           Turns: 19956, Time: 01:22:49

Health: -6/104     AC: 15    Str: 19    XL:     11   Next: 55%
Magic:  21/21      EV:  2    Int:  6    God:    Ru [****..]
Gold:   901        SH:  0    Dex: 16    Spells: 10/10 levels left

rFire    . . .     SeeInvis .     - Unarmed
rCold    + . .     Gourm    .   (no shield)
rNeg     + + +     Faith    .   H - +5 ring mail of Distant Shores {-Cast MP+9 Dex+3}
rPois    ∞         Spirit   .   q - +0 helmet
rElec    .         Reflect  .   C - +0 cloak
rCorr    +         Harm     .   (no gloves)
MR       .....     NoCast   +   X - +0 pair of boots
Stlth    +.........             O - amulet of magic regeneration
Regen    0.0/turn               Y - +2 ring of strength
MPRegen  0.3/turn               D - ring of resist corrosion

@: petrified, rotting
A: rotting body, claws 1, carnivore 3, cold resistance 1, negative energy
resistance 3, inhibited regeneration, torment resistance, unbreathing, hated by
all, no hexes magic, no poison magic, no summoning magic, inexperienced 1
a: Draw Out Power, Power Leap, Renounce Religion


You were on level 5 of the Lair of Beasts.
You worshipped Ru.
Ru was greatly pleased with you.
You were not hungry.

You visited 3 branches of the dungeon, and saw 17 of its levels.
You also visited: Sewer and Volcano.

You collected 1073 gold pieces.
You spent 172 gold pieces at shops.

Inventory:

Hand Weapons
 b - the +8 storm bow {elec}
   (You found it on level 6 of the Dungeon)

   It charges the ammunition it shoots with electricity; occasionally upon a
   hit, such missiles may discharge and cause terrible harm.
Missiles
 z - 16 tomahawks (quivered)
 F - 3 throwing nets {=f, !d}
 G - 164 arrows
Armour
 q - a +0 helmet (worn)
   (You found it on level 3 of the Dungeon)
 C - a +0 cloak (worn)
   (You found it on level 5 of the Dungeon)
 H - the +5 ring mail of Distant Shores (worn) {-Cast MP+9 Dex+3}
   (You found it on level 6 of the Dungeon)

   It affects your dexterity (+3).
   It affects your magic capacity (+9).
   It prevents spellcasting.
 X - a +0 pair of boots (worn)
   (You found it on level 3 of the Lair of Beasts)
Jewellery
 a - a cursed -3 ring of dexterity {unknown}
   (You found it on level 5 of the Lair of Beasts)
 D - a ring of resist corrosion (right claw)
   (You found it on level 7 of the Dungeon)
 O - an amulet of magic regeneration (around neck)
   (You found it on level 9 of the Dungeon)
 Y - a +2 ring of strength (left claw)
   (You found it on level 3 of the Lair of Beasts)
Wands
 c - a wand of flame (15/48)
 l - a wand of lightning (5/15)
   (You found it on level 3 of the Lair of Beasts)
 t - a wand of clouds (3/9)
   (You found it on level 3 of the Dungeon)
 K - a wand of paralysis (18/24)
   (You found it on level 7 of the Dungeon)
 S - a wand of polymorph (12/24)
   (You found it on level 4 of the Lair of Beasts)
 U - a wand of polymorph (14/24)
   (You found it on level 2 of the Lair of Beasts)
Scrolls
 m - 5 scrolls of immolation {!r}
 n - 3 scrolls of recharging
 o - a scroll of blinking {!r}
 p - a scroll of enchant armour {unknown}
 r - 8 scrolls of remove curse
 x - 8 scrolls of teleportation
 y - a scroll of magic mapping {!r}
 I - a scroll of enchant weapon
 J - a scroll of fear
Potions
 i - 11 potions of curing
 j - 3 potions of agility
 k - 7 potions of heal wounds
 s - 2 potions of haste
 v - a potion of cancellation
 w - a potion of ambrosia
 A - 2 potions of brilliance
 B - 7 potions of flight
 P - 2 potions of might
 R - 2 potions of invisibility
Miscellaneous
 L - a phial of floods
   (You found it on level 9 of the Dungeon)
 T - a lightning rod (4/4)
   (You found it on level 4 of the Lair of Beasts)
Comestibles
 d - 4 chunks of flesh {@w0@w0}
 f - 9 meat rations {@e2@e2}
 h - 7 royal jellies


   Skills:
 + Level 12.0 Fighting
   Level 0.8 Short Blades
 * Level 8.3 Bows
 - Level 7.0 Armour
 - Level 7.6 Dodging
 - Level 1.1 Stealth
 - Level 14.2 Unarmed Combat
 - Level 2.6 Evocations


You had 10 spell levels left.
You didn't know any spells.

Dungeon Overview and Level Annotations

Branches:
Dungeon (10/15)            Temple (1/1) D:6            Lair (6/6) D:8
  Swamp (0/4) Lair:3        Snake (0/4) Lair:3          Orc (0/2) D:9
  Slime: Lair:5-6

Altars:
Ashenzari
Cheibriados
Dithmenos
Elyvilon
Fedhas
Gozag
Hepliaklqana
Kikubaaqudgha
Makhleb
Nemelex Xobeh
Okawaru
Qazlal
Ru
Sif Muna
Trog
Uskayaw
Vehumet
Wu Jian
Xom
Yredelemnul
Zin
The Shining One

Shops:
D:10 *


Innate Abilities, Weirdness & Mutations

Your body is rotting away.
You thrive on raw meat.
You are immune to poison.
You have sharp fingernails.
You are carnivorous and can eat meat at any time.
Your flesh is cold resistant. (rC+)
You are immune to negative energy. (rN+++)
You do not regenerate when monsters are visible.
You are immune to unholy pain and torment.
You can survive without breathing.
You are hated by all.
You cannot study or cast Hexes magic.
You cannot study or cast Poison magic.
You cannot study or cast Summoning magic.
You are somewhat inexperienced. (-2 XL)


Message History

There is a stone staircase leading up here.
Here: a basilisk The floor.
Something interferes with your magic!
Okay, then.
The blink frog gives a loud, deep croak!
The komodo dragon hisses angrily.
The blink frog moves out of view.
You scratch the basilisk. You scratch the basilisk. The basilisk gazes at you.
You resist with some effort. 2 blink frogs come into view.
The blink frog croaks.
The blink frog gives a loud, deep croak! x2
You scratch the basilisk.
You redirect the blink frog's attack!
The blink frog closely misses you.
A spiny frog and a blink frog come into view.
Unknown command.
The blink frog gives a loud, deep croak!
The spiny frog croaks.
You claw the komodo dragon! Your claw misses the komodo dragon.
The blink frog begins to attack, but is stunned by your will!
The blink frog hits you.
The blink frog blinks!
A spiny frog comes into view.
You take 6 damage, and have 98/104 hp.
The spiny frog croaks.
You scratch the komodo dragon.
The blink frog blinks!
The spiny frog moves out of view.
You redirect the blink frog's attack!
The blink frog barely misses you.
The komodo dragon bites you but does no damage.
Unknown command.
You mangle the komodo dragon!! The blink frog completely misses you.
The blink frog blinks!
The komodo dragon misses you.
You claw the komodo dragon! The blink frog hits you!
You take 11 damage, and have 87/104 hp.
Unknown command.
Unknown command.
You scratch the komodo dragon but do no damage.
The blink frog hits you.
You redirect the basilisk's attack!
The basilisk gazes at the blink frog.
The fungus is unaffected.
The komodo dragon bites you!
The blink frog blinks!
You take 15 damage, and have 72/104 hp.
Unknown command.
The komodo dragon bites the fungus!
The spiny frog misses you. The blink frog barely misses you.
There is a stone staircase leading up here.
Unknown command.
The blink frog blinks!
The basilisk gazes at you.
You are slowing down.
The spiny frog barely misses you.
The blink frog hits you but does no damage.
The komodo dragon bites the fungus!
The spiny frog stings you but does no damage.
The blink frog blinks!
You climb upwards.
You have turned to stone.
The blink frog hits you!
The spiny frog stings you but does no damage. x2
The blink frog begins to attack, but is stunned by your will!
The spiny frog stings you! The spiny frog stings you. The blink frog hits you!
The blink frog blinks!
You focus your will and blind the blink frog in retribution!
The spiny frog stings you! The spiny frog stings you.
The spiny frog is stunned by your will and fails to attack.
The spiny frog stings you!
The spiny frog stings you but does no damage.
The spiny frog barely misses you. The blink frog hits you!
You focus your will and blind the blink frog in retribution!
The spiny frog stings you!
* * * LOW HITPOINT WARNING * * *
The blink frog hits you!
* * * LOW HITPOINT WARNING * * *
The spiny frog stings you but does no damage.
The spiny frog stings you!
* * * LOW HITPOINT WARNING * * *
The blink frog barely misses you. The spiny frog stings you.
* * * LOW HITPOINT WARNING * * *
The spiny frog stings you but does no damage.
The blink frog barely misses you. The spiny frog stings you!
* * * LOW HITPOINT WARNING * * *
The spiny frog barely misses you.
The blink frog hits you but does no damage.
The spiny frog stings you!
* * * LOW HITPOINT WARNING * * *
You focus your will and blind the spiny frog in retribution!
The blink frog hits you but does no damage.
The spiny frog barely misses you. The spiny frog stings you!
* * * LOW HITPOINT WARNING * * *
The blink frog hits you.
* * * LOW HITPOINT WARNING * * *
You focus your will and illuminate the blink frog in retribution!
The spiny frog stings you!
You die...

#..........P.......##...#........
..................P###...........
#..................P.......#.....
#.....#............P.#.P.P.#.....
####...#...........##..#.........
##...#....#....>...P.##........
###..........P...>.P...###.......
##............P.FF.......#.......
.#...........PPP@.P..............
............##.PF...........#..#.
............#............####.###
###.......##....^........# ### #
#........###...........##
###......# ##...........#
##..P..# #........P.## #[######
##..#....### ### ######.##


You could see 2 spiny frogs and a blink frog (blind).

Vanquished Creatures
  2 hydras (Lair:5)
  2 two-headed ogres
  Urug (Lair:4)
  Pikel (D:6)
  8 spiny frogs
  11 elephants
  A black mamba (Lair:2)
  Joseph (D:8)
  3 komodo dragons
  A troll (D:9)
  8 blink frogs
  6 hippogriffs
  5 dream sheep (Lair:5)
  3 flying skulls (Volcano)
  4 wraiths (D:10)
  7 yaks (Lair:4)
  Grum (D:8)
  A basilisk (Lair:4)
  A steam dragon (D:9)
  5 swamp worms (Lair:3)
  4 wargs
  2 hell hounds (Lair:2)
  14 water moccasins
  4 orc warriors
  Purgy (D:3)
  11 porcupines
  2 ice beasts
  A sky beast (D:6)
  4 ogres
  21 wolves
  A black bear (D:9)
  3 necrophages
  2 phantoms
  10 crocodiles
  3 centaurs
  3 big kobolds
  Blork the orc (D:6)
  13 bullfrogs
  A gnoll sergeant (D:10)
  A wyvern skeleton (D:9)
  2 scorpions
  4 wights (D:6)
  11 killer bees
  An electric eel (Lair:3)
  2 vampire bats (D:4)
  3 crimson imps
  2 howler monkeys
  A quasit (D:10)
  A hound (D:7)
  7 orc priests
  A bullfrog zombie (D:8)
  2 jellies
  9 orc wizards
  3 bullfrog skeletons
  A centaur skeleton (D:4)
  2 iguanas
  9 worker ants
  A hound zombie (D:5)
  A hound skeleton (D:10)
  A worker ant zombie (D:5)
  16 gnolls
  14 adders
  A shadow imp (D:9)
  5 oozes
  3 worms
  A dart slug (D:4)
  8 leopard geckos
  29 orcs
  7 giant cockroaches
  10 goblins
  10 hobgoblins
  7 jackals (D:3)
  3 quokkas
  6 ball pythons
  16 bats
  7 frilled lizards
  26 kobolds
  15 rats
422 creatures vanquished.

Vanquished Creatures (collateral kills)
  Josephine (D:9)
  A spiny frog (Lair:1)
  3 orcs (D:6)
5 creatures vanquished.

Vanquished Creatures (others)
  3 slaves (D:6)
  A wight (D:6)
  A crimson imp (D:6)
  An orc priest (D:6)
  2 orc wizards
  7 orcs
  7 fungi
  3 plants
25 creatures vanquished.

Grand Total: 452 creatures vanquished

Notes
Turn   | Place    | Note
-------+----------+-------------------------------------------
     0 | D:1      | Gorglomux the Ghoul Artificer began the quest for the Orb.
     0 | D:1      | Reached XP level 1. HP: 16/16 MP: 1/1
   192 | D:1      | Reached skill level 1 in Unarmed Combat
   195 | D:1      | Reached XP level 2. HP: 11/23 MP: 3/3
   686 | D:1      | Reached skill level 2 in Unarmed Combat
   690 | D:1      | Gorglomux: nonononon
   690 | D:1      | Gorglomux: don't come
   690 | D:1      | Gorglomux: ill die
   690 | D:1      | Gorglomux: (and im lagging a lot)
   749 | D:1      | Reached skill level 2 in Fighting
   820 | D:1      | Reached XP level 3. HP: 24/29 MP: 4/4
   823 | D:1      | PeterMcNeter: as long as you dont really mind, i dont mind
   860 | D:1      | PeterMcNeter: i can go if you like :p
   884 | D:1      | Gorglomux: nah, watching me isnt of a big interest, thats all :p
  1710 | D:2      | Reached skill level 3 in Unarmed Combat
  1710 | D:2      | Reached XP level 4. HP: 26/36 MP: 5/5
  2351 | D:3      | Reached skill level 3 in Fighting
  2351 | D:3      | Reached skill level 4 in Unarmed Combat
  2351 | D:3      | Reached XP level 5. HP: 36/45 MP: 6/6
  2580 | D:3      | Noticed Purgy
  2613 | D:3      | HP: 10/45 [Purgy (2)]
  2655 | D:3      | HP: 9/45 [Purgy (5)]
  2655 | D:3      | HP: 4/45 [Purgy (3)]
  2664 | D:3      | HP: 11/45 [Purgy (2)]
  2666 | D:3      | Killed Purgy
  2666 | D:3      | Reached XP level 6. HP: 12/52 MP: 7/7
  2865 | D:3      | Reached skill level 5 in Unarmed Combat
  3288 | D:4      | Reached skill level 4 in Fighting
  3403 | D:4      | Reached skill level 6 in Unarmed Combat
  3498 | D:4      | Reached XP level 7. HP: 49/60 MP: 8/8
  3596 | D:4      | Found a glowing drain.
  3669 | Sewer    | Entered a sewer
  3730 | Sewer    | Reached skill level 7 in Unarmed Combat
  3744 | Sewer    | Reached skill level 5 in Fighting
  4056 | D:4      | Reached XP level 8. HP: 55/69 MP: 9/9
  4312 | D:4      | Reached skill level 8 in Unarmed Combat
  4355 | D:5      | Entered Level 5 of the Dungeon
  4515 | D:5      | Reached skill level 6 in Fighting
  4948 | D:5      | Found a glowing silver altar of Zin.
  4968 | D:5      | Reached skill level 9 in Unarmed Combat
  5345 | D:6      | Noticed Pikel
  5370 | D:6      | Killed Pikel
  5370 | D:6      | Reached skill level 7 in Fighting
  5370 | D:6      | Reached skill level 10 in Unarmed Combat
  5370 | D:6      | Reached XP level 9. HP: 29/79 MP: 10/10
  5384 | D:6      | HP: 18/79 [gnoll/whip (2)]
  5773 | D:6      | Gorglomux: d6 no altars ...
  6006 | D:6      | Gorglomux: wait
  6070 | D:6      | Found a staircase to the Ecumenical Temple.
  6089 | Temple   | Entered the Ecumenical Temple
  6093 | Temple   | Gorglomux: !rng oka ru
  6093 | Temple   | beem: The RNG chooses: ru.
  6094 | Temple   | Became a worshipper of Ru the Awakened
  6174 | D:6      | Got a heavily runed ring mail
  6263 | D:6      | Reached skill level 2 in Dodging
  6585 | D:6      | Reached skill level 11 in Unarmed Combat
  6853 | D:6      | Noticed Blork the orc
  6858 | D:6      | Killed Blork the orc
  6858 | D:6      | Reached skill level 1 in Armour
  6988 | D:6      | Identified the +5 ring mail of Distant Shores {-Cast MP+9 Dex+3} (You found it on level 6 of the Dungeon)
  7115 | D:6      | Found an iron altar of Okawaru.
  7116 | D:6      | Found a bloodstained altar of Trog.
  7163 | D:7      | Gorglomux: ??storm bow
  7163 | D:7      | beem: storm bow[1/1]: Unrandart +8 longbow of electrocution, sometimes creates rain clouds while wielded.
  7402 | D:7      | Gorglomux: k doing a 5 min break (need to go to math, powering up my pc there)
  7402 | D:7      | PeterMcNeter: alrighty
  7724 | D:7      | Got a polished leather armour
  7735 | D:7      | Identified the +2 leather armour of Cerov {-Cast rElec MR++ Stlth+} (You found it on level 7 of the Dungeon)
  7735 | D:7      | Gorglomux: holy shit this 2 armours
  7788 | D:7      | PeterMcNeter: nice
  7880 | D:7      | Reached skill level 8 in Fighting
  7880 | D:7      | Reached skill level 2 in Armour
  8091 | D:8      | Found an iron altar of Okawaru.
  8099 | D:8      | Found a staircase to the Lair.
  8117 | D:8      | Reached skill level 3 in Dodging
  8117 | D:8      | Reached XP level 10. HP: 45/88 MP: 11/11
  8481 | D:8      | Noticed a two-headed ogre
  8487 | D:8      | Killed a two-headed ogre
  8487 | D:8      | Reached skill level 3 in Armour
  8487 | D:8      | Reached skill level 12 in Unarmed Combat
  8746 | D:8      | Noticed Grum
  8760 | D:8      | Killed Grum
  8844 | D:8      | Reached skill level 4 in Dodging
  8866 | D:8      | Noticed Joseph
  8876 | D:8      | Killed Joseph
  9009 | D:8      | Found an opulent altar of Gozag.
  9124 | D:9      | Gorglomux: that laaaaaags
  9124 | D:9      | Gorglomux: why my highchool can't buy a proper connection
  9163 | D:9      | Found a blossoming altar of Fedhas.
  9163 | D:9      | Found a glowing golden altar of the Shining One.
  9163 | D:9      | Found a hide-covered altar of Uskayaw.
  9221 | D:9      | Found a staircase to the Orcish Mines.
  9312 | D:9      | Noticed a two-headed ogre
  9321 | D:9      | Killed a two-headed ogre
  9321 | D:9      | Reached skill level 9 in Fighting
  9321 | D:9      | Reached skill level 4 in Armour
  9375 | D:9      | Reached XP level 11. HP: 96/97 MP: 12/12
  9545 | D:9      | Reached skill level 13 in Unarmed Combat
  9594 | D:9      | Reached skill level 5 in Dodging
 10503 | D:10     | Entered Level 10 of the Dungeon
 10520 | D:10     | Noticed Josephine
 10792 | D:9      | Killed Josephine
 10803 | D:10     | Reached skill level 5 in Armour
 11032 | D:10     | Found Cuog Iwu's General Store.
 11039 | D:10     | Bought a scroll of vulnerability for 112 gold pieces
 11039 | D:10     | Bought a scroll of identify for 30 gold pieces
 11039 | D:10     | Bought a scroll of identify for 30 gold pieces
 11456 | Lair:1   | Entered Level 1 of the Lair of Beasts
 11491 | Lair:1   | HP: 24/99 [wolf (7)]
 11680 | Lair:1   | Reached skill level 6 in Dodging
 11731 | Lair:1   | Killed a spiny frog
 11746 | Lair:1   | HP: 24/99 [spiny frog (9)]
 11749 | Lair:1   | Reached skill level 10 in Fighting
 12076 | Lair:1   | Reached skill level 14 in Unarmed Combat
 12290 | Lair:1   | Reached XP level 12. HP: 78/106 MP: 13/13
 12503 | Lair:1   | Gorglomux: ffs i should rely on this bow instead of unarming combat
 12556 | Lair:1   | PeterMcNeter: yeah
 12597 | Lair:1   | Reached skill level 1 in Bows
 12749 | Lair:1   | Reached skill level 6 in Armour
 13412 | Lair:2   | Reached skill level 2 in Bows
 13616 | Lair:2   | Found a dark tunnel.
 13617 | Lair:2   | Gained mutation: You cannot study or cast Poison magic. [Ru sacrifice]
 13617 | Lair:2   | Gained mutation: You cannot study or cast Hexes magic. [Ru sacrifice]
 13617 | Lair:2   | Gained mutation: You cannot study or cast Summoning magic. [Ru sacrifice]
 13617 | Lair:2   | Reached * piety under Ru
 13694 | Volcano  | Entered a volcano
 14006 | Lair:3   | Reached skill level 3 in Bows
 14014 | Lair:3   | Found a staircase to the Snake Pit.
 14116 | Lair:3   | Found a basalt altar of Yredelemnul.
 14903 | Lair:3   | Found a staircase to the Swamp.
 14909 | Lair:3   | Reached skill level 7 in Dodging
 16121 | Lair:3   | Reached skill level 4 in Bows
 17369 | Lair:4   | Reached skill level 11 in Fighting
 17390 | Lair:4   | Gained mutation: You are hated by all. [Ru sacrifice]
 17390 | Lair:4   | Reached ** piety under Ru
 17534 | Lair:4   | Reached skill level 5 in Bows
 17914 | Lair:4   | Noticed Urug
 17929 | Lair:4   | Killed Urug
 18255 | Lair:4   | Reached skill level 7 in Armour
 18484 | Lair:4   | Reached skill level 6 in Bows
 18484 | Lair:4   | Reached XP level 13. HP: 100/116 MP: 14/14
 18776 | Lair:5   | Reached skill level 7 in Bows
 18916 | Lair:5   | HP: 16/117 [elephant (16)]
 18925 | Lair:5   | HP: 14/117 [elephant (2)]
 18930 | Lair:5   | HP: 3/117 [blink frog (11)]
 19367 | Lair:5   | Reached skill level 12 in Fighting
 19367 | Lair:5   | Reached skill level 8 in Bows
 19415 | Lair:5   | Got a fine quarterstaff
 19534 | Lair:5   | Gained mutation: You are somewhat inexperienced. (-2 XL) [Ru sacrifice]
 19534 | Lair:5   | Reached XP level 12. HP: 107/107 MP: 22/22
 19534 | Lair:5   | Reached XP level 11. HP: 99/99 MP: 21/21
 19534 | Lair:5   | Reached *** piety under Ru
 19534 | Lair:5   | Reached **** piety under Ru
 19935 | Lair:6   | Entered Level 6 of the Lair of Beasts
 19952 | Lair:5   | HP: 23/104 [blink frog (8)]
 19955 | Lair:5   | HP: 6/104 [spiny frog (6)]
 19955 | Lair:5   | HP: 2/104 [spiny frog (4)]
 19956 | Lair:5   | Mangled by a spiny frog

Vault maps used:
D:1:      lightli_arrival_statue_moat
D:2:      hangedman_decor_slide_cut, minmay_circled_x
D:3:      first_bread, uniq_purgy
D:4:      portal_sewer_entry_c, minmay_guarded_unrand_vampires_tooth
D:5:      zin_statuary
D:6:      grunt_temple_overflow_bloody_war, minmay_temple_entry_glassed_door,
          hangedman_abyss_or_decor_slice, uniq_pikel, uniq_blork_the_orc
D:7:      grunt_ogre_cave, kennysheep_generic_room_3
D:8:      kennysheep_mini_moat, erik_lair_orcish_takeover,
          okawaru_metal_pillars_3, uniq_joseph, uniq_grum
D:9:      gammafunk_temple_overflow_claw, erik_orc_3
D:10:     serial_curves, eino_curves_04, eino_curves_04, eino_curves_04,
          serial_shops, shop, uniq_josephine
Temple:   minmay_freezing_vapour_temple
Lair:1:   st_stairs_12, grunt_megastairs_2
Lair:2:   enter_volcano_3
Lair:3:   nicolae_swamp_entry_splash_gauntlet, minmay_snake_entry_six_corridors,
          basic_altar
Lair:4:   grunt_forest_small_clearings, nicolae_quartered_pool_little,
          grunt_megastairs_5, uniq_urug
Lair:6:   minmay_lair_end_enchanted_forest, nicolae_slime_entry_slimehenge,
          infiniplex_staircase_pool, serial_bayou_shore_b, grunt_megastairs_3
Sewer:    kennysheep_pipe_town
Volcano:  volcano_tomb

Skill      XL: |  1  2  3  4  5  6  7  8  9 10 11 12 13 |
---------------+----------------------------------------+-----
Unarmed Combat | 1 2 3 4 6 7 10 11 12 14 | 14.2
Fighting       | 2 3 4 5 7 8 9 10 11 12 | 12.0
Dodging        | 3 4 6 7 |  7.6
Armour         | 2 4 5 7 |  7.0
Bows           | 6 8 |  8.3
Short Blades   | |  0.8
Stealth        | |  1.1
Evocations     | |  2.6

Action                   |  1- 3 |  4- 6 |  7- 9 | 10-12 | 13-15 || total
-------------------------+-------+-------+-------+-------+-------++-------
Melee: Unarmed           |   160 |   184 |   391 |   687 |    77 ||  1499
       Short sword       |     6 |       |       |       |       ||     6
       Punch             |       |     3 |    16 |    51 |     7 ||    77
 Fire: Blowgun           |       |    10 |       |       |       ||    10
       Longbow           |       |       |    15 |    84 |    32 ||   131
Throw: Tomahawk          |       |       |     7 |    40 |     1 ||    48
Invok: Reject Sacrifices |       |       |     1 |       |       ||     1
       Power Leap        |       |       |       |     1 |       ||     1
       Sacrifice Experie |       |       |       |     1 |       ||     1
       Sacrifice Love    |       |       |       |     1 |       ||     1
       Sacrifice Arcana  |       |       |       |     1 |       ||     1
Evoke: Wand              |       |     3 |     1 |     3 |     1 ||     8
       Phial of floods   |       |       |       |     1 |       ||     1
  Use: Scroll            |       |     2 |     8 |     9 |       ||    19
       Potion            |       |     7 |     1 |       |       ||     8
 Stab: Invisible         |       |       |     2 |     4 |       ||     6
       Sleeping          |       |       |       |     3 |       ||     3
       Distracted        |       |       |       |     2 |       ||     2
       Confused          |       |       |       |       |     2 ||     2
  Eat: Chunk             |     2 |    13 |    27 |    62 |       ||   104
Armor: Leather armour    |    14 |       |       |       |       ||    14
       Ring mail         |    39 |    75 |   110 |   251 |    40 ||   515
Dodge: Dodged            |   107 |   161 |   194 |   507 |    65 ||  1034

Vault maps used:
D:1:      lightli_arrival_statue_moat
D:2:      hangedman_decor_slide_cut, minmay_circled_x
D:3:      first_bread, uniq_purgy
D:4:      portal_sewer_entry_c, minmay_guarded_unrand_vampires_tooth
D:5:      zin_statuary
D:6:      grunt_temple_overflow_bloody_war, minmay_temple_entry_glassed_door,
          hangedman_abyss_or_decor_slice, uniq_pikel, uniq_blork_the_orc
D:7:      grunt_ogre_cave, kennysheep_generic_room_3
D:8:      kennysheep_mini_moat, erik_lair_orcish_takeover,
          okawaru_metal_pillars_3, uniq_joseph, uniq_grum
D:9:      gammafunk_temple_overflow_claw, erik_orc_3
D:10:     serial_curves, eino_curves_04, eino_curves_04, eino_curves_04,
          serial_shops, shop, uniq_josephine
Temple:   minmay_freezing_vapour_temple
Lair:1:   st_stairs_12, grunt_megastairs_2
Lair:2:   enter_volcano_3
Lair:3:   nicolae_swamp_entry_splash_gauntlet, minmay_snake_entry_six_corridors,
          basic_altar
Lair:4:   grunt_forest_small_clearings, nicolae_quartered_pool_little,
          grunt_megastairs_5, uniq_urug
Lair:6:   minmay_lair_end_enchanted_forest, nicolae_slime_entry_slimehenge,
          infiniplex_staircase_pool, serial_bayou_shore_b, grunt_megastairs_3
Sewer:    kennysheep_pipe_town
Volcano:  volcano_tomb

Table legend:
 A = Turns spent in this place as a percentage of turns spent in the entire game.
 B = Non-inter-level travel turns spent in this place as a percentage of non-inter-level travel turns spent in the entire game.
 C = Inter-level travel turns spent in this place as a percentage of turns spent in this place.
 D = Turns resting spent in this place as a percentage of non-inter-level travel turns spent in this place.
 E = Turns spent auto-exploring this place as a percentage of non-inter-level travel turns spent in this place.
 F = Non-inter-level travel turns spent in this place divided by the number of levels of this place that you've seen.
                   A       B       C       D       E      F
               +-------+-------+-------+-------+-------+----------------------
         Total | 100.0 | 100.0 |   0.3 |   2.4 |   7.3 | 304.6
       Dungeon |  63.0 |  63.0 |   0.3 |   1.9 |   7.6 | 364.4
        Temple |   0.1 |   0.1 |  14.3 |   0.0 |   0.0 |   6.0
          Lair |  31.9 |  31.9 |   0.3 |   3.7 |   7.5 | 307.5
         Sewer |   4.2 |   4.3 |   0.0 |   0.0 |   2.4 | 246.0
       Volcano |   0.8 |   0.8 |   0.0 |   4.3 |   0.0 |  47.0
               +-------+-------+-------+-------+-------+----------------------

Table legend:
 A = Kills in this place as a percentage of kills in entire the game.
 B = Kills by you in this place as a percentage of kills by you in the entire game.
 C = Kills by friends in this place as a percentage of kills by friends in the entire game.
 D = Other kills in this place as a percentage of other kills in the entire game.
 E = Experience gained in this place as a percentage of experience gained in the entire game.
 F = Experience gained in this place divided by the number of levels of this place that you have seen.
                   A       B       C       D       E      F
               +-------+-------+-------+-------+-------+----------------------
         Total | 100.0 | 100.0 | 100.0 | 100.0 | 100.0 | 2217.6
       Dungeon |  62.9 |  62.7 |  80.0 |  50.0 |  31.6 | 1332.7
          Lair |  30.8 |  30.9 |  20.0 |  50.0 |  66.6 | 4677.5
         Sewer |   5.6 |   5.7 |   0.0 |   0.0 |   0.6 | 249.0
       Volcano |   0.7 |   0.7 |   0.0 |   0.0 |   1.2 | 494.0
               +-------+-------+-------+-------+-------+----------------------
